SL
THUNDER BAY NORTHERN LIONS BC @ NEW AMSTERDAM REPUBLICS
07/27/2024
 
TOP OF THE 1ST
Thunder Bay Northern Lions BC batting - Pitching for New Amsterdam Republics : RHP Pedro Castro
Pitching: RHP Pedro Castro
Batting: LHB David Smith 0-0: Swinging Strike
0-1: Foul Ball, location: 2F
0-2: Ball
1-2: DOUBLE (Flyball, 8LD)
Batting: RHB Ed Whitaker 0-0: Ball
1-0: Called Strike
1-1: Ball
2-1: Swinging Strike
2-2: Ball
3-2: Foul Ball, location: 2F
3-2: Strikes out swinging
Batting: LHB Tim Hill 0-0: Called Strike
0-1: Ball
1-1: Ball
2-1: Ground out 6-3 (Groundball, 6M)
David Smith to third
Batting: LHB John Brewer 0-0: Called Strike
0-1: Ball
1-1: Foul Ball, location: 2F
1-2: Ball
2-2: Ball
3-2: Foul Ball, location: 2F
3-2: Foul Ball, location: 2F
3-2: Base on Balls
Batting: SHB Carlos Rodríguez 0-0: Foul Ball, location: 2F
0-1: Ball
1-1: Ball
2-1: Swinging Strike
2-2: Foul Ball, location: 2F
2-2: Ball
3-2: Foul Ball, location: 2F
3-2: SINGLE (Groundball, 34)
David Smith scores
John Brewer to second
John Brewer to third
Batting: RHB Keith Fish 0-0: Ball
1-0: Ball
2-0: Called Strike
2-1: Called Strike
2-2: Strikes out swinging
Top of the 1st over - 1 run(s), 2 hit(s), 0 error(s), 2 left on base; Thunder Bay 1 - New Amsterdam 0
BOTTOM OF THE 1ST
New Amsterdam Republics batting - Pitching for Thunder Bay Northern Lions BC : RHP Christian Pitts
Pitching: RHP Christian Pitts
Batting: RHB Enrique Morales 0-0: Ground out 6-3 (Groundball, 6)
Batting: RHB Ed Anderson 0-0: Ball
1-0: Ball
2-0: Ball
3-0: Base on Balls
Batting: RHB Hank Wilder 0-0: Called Strike
0-1: 2-RUN HOME RUN (Flyball, 7D), Distance : 391 ft
Batting: RHB Quincy van Enk 0-0: Ball
1-0: Foul Ball, location: 2F
1-1: Foul Ball, location: 2F
1-2: Ball
2-2: Foul Ball, location: 2F
2-2: Foul Ball, location: 2F
2-2: Ground out U3 (Groundball, 3)
Batting: RHB António Pérez 0-0: Called Strike
0-1: Ground out 6-3 (Groundball, 6MS)
Bottom of the 1st over - 2 run(s), 1 hit(s), 0 error(s), 0 left on base; Thunder Bay 1 - New Amsterdam 2
TOP OF THE 2ND
Thunder Bay Northern Lions BC batting - Pitching for New Amsterdam Republics : RHP Pedro Castro
Batting: SHB Arnold Griffith 0-0: Foul Ball, location: 2F
0-1: Ground out U3 (Groundball, 3S)
Batting: RHB Robert O'Connor 0-0: Ground out 5-3 (Groundball, 56S)
Batting: RHB Carlos Padilla 0-0: Foul Ball, location: 2F
0-1: Swinging Strike
0-2: Foul Ball, location: 2F
0-2: Foul Ball, location: 2F
0-2: Ball
1-2: Strikes out swinging
Top of the 2nd over - 0 run(s), 0 hit(s), 0 error(s), 0 left on base; Thunder Bay 1 - New Amsterdam 2
BOTTOM OF THE 2ND
New Amsterdam Republics batting - Pitching for Thunder Bay Northern Lions BC : RHP Christian Pitts
Batting: LHB Eric Ward 0-0: Ground out 4-3 (Groundball, 4M)
Batting: RHB Luis Muńóz 0-0: Foul Ball, location: 2F
0-1: Called Strike
0-2: Ground out 4-3 (Groundball, 4M)
Batting: LHB Steve Ingram 0-0: Ball
1-0: Called Strike
1-1: Swinging Strike
1-2: Ball
2-2: Strikes out swinging
Bottom of the 2nd over - 0 run(s), 0 hit(s), 0 error(s), 0 left on base; Thunder Bay 1 - New Amsterdam 2
TOP OF THE 3RD
Thunder Bay Northern Lions BC batting - Pitching for New Amsterdam Republics : RHP Pedro Castro
Batting: LHB David Smith 0-0: Foul Ball, location: 2F
0-1: Ball
1-1: Ball
2-1: Foul Ball, location: 2F
2-2: Foul Ball, location: 2F
2-2: Foul Ball, location: 2F
2-2: Ball
3-2: SINGLE (Groundball, 34D)
Batting: RHB Ed Whitaker 0-0: Called Strike
0-1: Ball
1-1: Swinging Strike
1-2: Strikes out swinging
Batting: LHB Tim Hill 0-0: Ball
1-0: Foul Ball, location: 2F
1-1: Swinging Strike
1-2: Ball
2-2: Foul Ball, location: 2F
2-2: Ball
3-2: Strikes out swinging
Batting: LHB John Brewer 0-0: Ball
1-0: Ball
Passed Ball!
David Smith to second
2-0: Foul Ball, location: 2F
2-1: Ball
3-1: Foul Ball, location: 2F
3-2: Base on Balls
Batting: SHB Carlos Rodríguez 0-0: Foul Ball, location: 2F
0-1: SINGLE (Line Drive, 78S)
David Smith to third
John Brewer to second
Runner from 3rd tries for Home, SAFE, no throw or cutoff
Batting: RHB Keith Fish 0-0: Called Strike
0-1: Foul Ball, location: 2F
0-2: Ball
1-2: Ball
2-2: Strikes out swinging
Top of the 3rd over - 1 run(s), 2 hit(s), 0 error(s), 2 left on base; Thunder Bay 2 - New Amsterdam 2
BOTTOM OF THE 3RD
New Amsterdam Republics batting - Pitching for Thunder Bay Northern Lions BC : RHP Christian Pitts
Batting: RHB Arturo Morales 0-0: Called Strike
0-1: Swinging Strike
0-2: Strikes out swinging
Batting: RHB Enrique Morales 0-0: SINGLE (Groundball, 5L)
Batting: RHB Ed Anderson 0-0: Ball
Wild Pitch!
Enrique Morales to second
1-0: Called Strike
1-1: Swinging Strike
1-2: Foul Ball, location: 2F
1-2: Foul Ball, location: 2F
1-2: Ball
2-2: Ball
3-2: TRIPLE (Groundball, 3L)
Enrique Morales scores
Batting: RHB Hank Wilder 0-0: Ground out U3 (Groundball, 3L)
Batting: RHB Quincy van Enk 0-0: SINGLE (Line Drive, 6M)
Ed Anderson scores
Batting: RHB António Pérez 0-0: Ball
1-0: SINGLE (Flyball, 9LS)
Quincy van Enk to second
Runner from 2nd tries for 3rd, SAFE, throw made to third
Batting: LHB Eric Ward 0-0: Called Strike
0-1: Ball
1-1: Ball
2-1: Ball
3-1: Base on Balls
António Pérez to second
Batting: RHB Luis Muńóz 0-0: Ball
1-0: Foul Ball, location: 2F
1-1: Fly out, F3 (Popup, 34)
Bottom of the 3rd over - 2 run(s), 4 hit(s), 0 error(s), 3 left on base; Thunder Bay 2 - New Amsterdam 4
TOP OF THE 4TH
Thunder Bay Northern Lions BC batting - Pitching for New Amsterdam Republics : RHP Pedro Castro
Batting: SHB Arnold Griffith 0-0: Fly out, F8 (Flyball, 8LXD)
Batting: RHB Robert O'Connor 0-0: Called Strike
0-1: Foul Ball, location: 2F
0-2: Foul Ball, location: 2F
0-2: Ball
1-2: Ball
2-2: SINGLE (Groundball, 5D)
Batting: RHB Carlos Padilla 0-0: Ball
1-0: Fly out, F6 (Popup, 6D)
Batting: LHB David Smith 0-0: Fielders Choice at 2nd, U4 (Groundball, 4M)
Top of the 4th over - 0 run(s), 1 hit(s), 0 error(s), 1 left on base; Thunder Bay 2 - New Amsterdam 4
BOTTOM OF THE 4TH
New Amsterdam Republics batting - Pitching for Thunder Bay Northern Lions BC : RHP Christian Pitts
Batting: LHB Steve Ingram 0-0: Ball
1-0: Called Strike
1-1: Foul Ball, location: 2F
1-2: Ball
2-2: Fly out, F7 (Flyball, 78XD)
Batting: RHB Arturo Morales 0-0: Ball
1-0: Ground out 5-3 (Groundball, 56S)
Batting: RHB Enrique Morales 0-0: Called Strike
0-1: Ball
1-1: Ball
2-1: Ball
3-1: Ground out 3-1 (Groundball, 34)
Bottom of the 4th over - 0 run(s), 0 hit(s), 0 error(s), 0 left on base; Thunder Bay 2 - New Amsterdam 4
TOP OF THE 5TH
Thunder Bay Northern Lions BC batting - Pitching for New Amsterdam Republics : RHP Pedro Castro
Batting: RHB Ed Whitaker 0-0: Ball
1-0: Called Strike
1-1: Ball
2-1: Fly out, F9 (Popup, 9S)
Batting: LHB Tim Hill 0-0: Ground out 4-3 (Groundball, 34)
Batting: LHB John Brewer 0-0: Ball
1-0: Ball
2-0: Called Strike
2-1: Foul Ball, location: 2F
2-2: Foul Ball, location: 2F
2-2: Foul Ball, location: 2F
2-2: Foul Ball, location: 2F
2-2: Ball
3-2: Base on Balls
Batting: SHB Carlos Rodríguez 0-0: Ball
1-0: Called Strike
1-1: Ball
2-1: Called Strike
2-2: Ball
3-2: Foul Ball, location: 2F
3-2: Base on Balls
John Brewer to second
Pitching: LHP Frenk Norman
Batting: RHB Keith Fish 0-0: Ground out 5-3 (Groundball, 56S)
Top of the 5th over - 0 run(s), 0 hit(s), 0 error(s), 2 left on base; Thunder Bay 2 - New Amsterdam 4
BOTTOM OF THE 5TH
New Amsterdam Republics batting - Pitching for Thunder Bay Northern Lions BC : RHP Christian Pitts
Batting: RHB Ed Anderson 0-0: Ball
1-0: Ball
2-0: Ball
3-0: Called Strike
3-1: Base on Balls
Batting: RHB Hank Wilder 0-0: Called Strike
0-1: Ball
1-1: Grounds into double play, 6-4-3 (Groundball, 56)
Batting: RHB Quincy van Enk 0-0: Ball
1-0: Fly out, F7 (Flyball, 7M)
Bottom of the 5th over - 0 run(s), 0 hit(s), 0 error(s), 0 left on base; Thunder Bay 2 - New Amsterdam 4
TOP OF THE 6TH
Thunder Bay Northern Lions BC batting - Pitching for New Amsterdam Republics : LHP Frenk Norman
Batting: SHB Arnold Griffith 0-0: Ball
1-0: Ground out 4-3 (Groundball, 4S)
Batting: RHB Robert O'Connor 0-0: Foul Ball, location: 2F
0-1: Foul Ball, location: 2F
0-2: Ball
1-2: Foul Ball, location: 2F
1-2: Foul Ball, location: 2F
1-2: Strikes out looking
Batting: RHB Carlos Padilla 0-0: Swinging Strike
0-1: SINGLE (Flyball, 78S)
Batting: LHB David Smith 0-0: Ball
1-0: Fielders Choice at 2nd, U4 (Groundball, 4M)
Top of the 6th over - 0 run(s), 1 hit(s), 0 error(s), 1 left on base; Thunder Bay 2 - New Amsterdam 4
BOTTOM OF THE 6TH
New Amsterdam Republics batting - Pitching for Thunder Bay Northern Lions BC : RHP Christian Pitts
Batting: RHB António Pérez 0-0: Ground out 6-3 (Groundball, 6)
Batting: LHB Eric Ward 0-0: Ball
1-0: Swinging Strike
1-1: Foul Ball, location: 2F
1-2: Foul Ball, location: 2F
1-2: SINGLE (Line Drive, 34D)
Batting: RHB Luis Muńóz 0-0: Ball
1-0: Foul Ball, location: 2F
1-1: Ball
2-1: Grounds into double play, 5-4-3 (Groundball, 56)
Bottom of the 6th over - 0 run(s), 1 hit(s), 0 error(s), 0 left on base; Thunder Bay 2 - New Amsterdam 4
TOP OF THE 7TH
Thunder Bay Northern Lions BC batting - Pitching for New Amsterdam Republics : LHP Frenk Norman
Batting: RHB Ed Whitaker 0-0: Foul Ball, location: 2F
0-1: Ball
1-1: Foul Ball, location: 2F
1-2: Foul Ball, location: 2F
1-2: Ball
2-2: Ball
3-2: SINGLE (Line Drive, 7LS)
Batting: LHB Tim Hill 0-0: Ball
1-0: Foul Ball, location: 2F
1-1: Ball
2-1: Ball
3-1: Swinging Strike
3-2: Strikes out swinging
Batting: LHB John Brewer 0-0: Foul Ball, location: 2F
0-1: Foul Ball, location: 2F
0-2: Ball
1-2: SINGLE (Flyball, 78M)
Ed Whitaker to second
Batting: SHB Carlos Rodríguez 0-0: Fly out, F2 (Popup, 2LF)
Batting: RHB Keith Fish 0-0: Ball
1-0: Foul Ball, location: 2F
1-1: Foul Ball, location: 2F
1-2: Foul Ball, location: 2F
1-2: Ball
2-2: Ball
3-2: Fly out, F3 (Popup, 3SF)
Top of the 7th over - 0 run(s), 2 hit(s), 0 error(s), 2 left on base; Thunder Bay 2 - New Amsterdam 4
BOTTOM OF THE 7TH
New Amsterdam Republics batting - Pitching for Thunder Bay Northern Lions BC : RHP Christian Pitts
Batting: LHB Steve Ingram 0-0: Ball
1-0: Ball
2-0: Swinging Strike
2-1: Called Strike
2-2: Ball
3-2: Base on Balls
Batting: RHB Arturo Morales 0-0: Called Strike
0-1: Ball
1-1: SINGLE (Line Drive, 7S)
Steve Ingram to second
Batting: RHB Enrique Morales 0-0: Sac Bunt - play at first, batter OUT! 3-4
Steve Ingram to third
Arturo Morales to second
Batting: RHB Ed Anderson 0-0: Foul Ball, location: 2F
0-1: Ball
1-1: Ground out 6-3 (Groundball, 6)
Batting: RHB Hank Wilder 0-0: Intentional Walk
Batting: RHB Quincy van Enk 0-0: Fly out, F6 (Line Drive, 6)
Bottom of the 7th over - 0 run(s), 1 hit(s), 0 error(s), 3 left on base; Thunder Bay 2 - New Amsterdam 4
TOP OF THE 8TH
Thunder Bay Northern Lions BC batting - Pitching for New Amsterdam Republics : LHP Frenk Norman
Batting: SHB Arnold Griffith 0-0: SINGLE (Line Drive, 78M)
Pitching: RHP Ramón Lara
Batting: RHB Robert O'Connor 0-0: Foul Ball, location: 2F
0-1: Swinging Strike
0-2: Ball
1-2: Ball
2-2: Foul Ball, location: 2F
2-2: Strikes out swinging
Batting: RHB Carlos Padilla 0-0: Ball
1-0: Ground out 5-3 (Groundball, 5S)
Arnold Griffith to second
Batting: LHB David Smith 0-0: Ball
1-0: Called Strike
1-1: SINGLE (Groundball, 4MD)
Arnold Griffith to third
Runner from 3rd tries for Home, SAFE, no throw or cutoff
Pinch Hitting: RHB Adrian Smith 0-0: Called Strike
0-1: Ball
1-1: Foul Ball, location: 2F
1-2: Ball
2-2: Strikes out swinging
Top of the 8th over - 1 run(s), 2 hit(s), 0 error(s), 1 left on base; Thunder Bay 3 - New Amsterdam 4
BOTTOM OF THE 8TH
New Amsterdam Republics batting - Pitching for Thunder Bay Northern Lions BC : RHP Christian Pitts
Now at 2B: Curtis Peters
Batting: RHB António Pérez 0-0: SINGLE (Line Drive, 8LS)
Batting: LHB Eric Ward 0-0: Ball
1-0: Ball
2-0: Ball
3-0: Called Strike
3-1: Grounds into double play, 4-6-3 (Groundball, 4)
Batting: RHB Luis Muńóz 0-0: Called Strike
0-1: Ball
1-1: Ball
2-1: DOUBLE (Line Drive, 89D)
Batting: LHB Steve Ingram 0-0: Intentional Walk
Pitching: RHP Ted Locke
Pinch Runner at 2nd Thomas Campbell:
Batting: RHB Arturo Morales 0-0: Ball
1-0: Foul Ball, location: 2F
1-1: Called Strike
1-2: Strikes out swinging
Bottom of the 8th over - 0 run(s), 2 hit(s), 0 error(s), 2 left on base; Thunder Bay 3 - New Amsterdam 4
TOP OF THE 9TH
Thunder Bay Northern Lions BC batting - Pitching for New Amsterdam Republics : RHP Ramón Lara
Pitching: RHP Tommy Middleton
Now at 1B: Pedro Torrez
Now at SS: Thomas Campbell
Now in LF: David Morales
Batting: LHB Tim Hill 0-0: Ball
1-0: Fly out, F5 (Popup, 5SF)
Batting: LHB John Brewer 0-0: Ball
1-0: Called Strike
1-1: Ball
2-1: Ball
3-1: Foul Ball, location: 2F
3-2: Base on Balls
Batting: SHB Carlos Rodríguez 0-0: Ball
1-0: Foul Ball, location: 2F
1-1: Ball
2-1: Ball
3-1: Foul Ball, location: 2F
3-2: Fly out, F3 (Line Drive, 34)
3-2: Lined into DP, U3 (Line Drive, 34)
Top of the 9th over - 0 run(s), 0 hit(s), 0 error(s), 0 left on base; Thunder Bay 3 - New Amsterdam 4
This league is powered by Out of the Park Baseball, the baseball management simulation game for PC, Mac and Linux
Monday, October 3rd, 2016 - OOTP Baseball 16.9 Build 39